 Dungeon Crawl Stone Soup version 0.30.1-11-g7821555f0a (webtiles) character file.

Game seed: 17111923676499857272

8248 Cheops the Bewitcher (level 11, -6/40 (42) HPs)
             Began as a Felid Enchanter on Dec 29, 2023.
             Was an Initiate of Gozag.
             Mangled by Josephine
             ... wielding the +4 short sword of Fatigue {freeze, rCorr}
              (11 damage)
             ... on level 11 of the Dungeon on Dec 31, 2023.
             The game lasted 02:08:16 (20341 turns).

Cheops the Bewitcher (Felid Enchanter)             Turns: 20341, Time: 02:08:16

HP:   -6/40 (42)    AC:  2    Str: 10    XL:     11   Next: 7%
MP:   17/17         EV: 23    Int: 20    God:    Gozag
Gold: 2786          SH:  0    Dex: 18    Spells: 0/16 levels left
                                        Lives: 0   Deaths: 3

rFire   . .          .
                       - Unarmed
rCold   . . .        (shield unavailable)
rNeg    . . .        (body armour unavailable)
rPois   .            (helmet unavailable)
rElec   .            (cloak unavailable)
rCorr   .            (gloves unavailable)
SInv    +            (boots unavailable)
Will    ++...        g - amulet of magic regeneration
Stlth   +++++        j - +6 ring of strength
HPRegen 0.26/turn    p - ring of willpower
MPRegen 0.55/turn

%: no passive effects
@: lightly drained, quick
A: very small, claws 1, fangs 3, see invisible, speed 1, shaggy fur 2, stealthy
paws, no weapons or thrown items, no armour, multi-lived
a: Renounce Religion, Potion Petition, Call Merchant, Bribe Branch


You were on level 11 of the Dungeon.
You worshipped Gozag.
Gozag was most pleased with you.
You visited 2 branches of the dungeon, and saw 12 of its levels.
You also visited: Bailey.

You collected 2938 gold pieces.
You paid 152 gold pieces to Gozag.

Inventory:

Jewellery
 g - an amulet of magic regeneration (around neck)
 j - a +6 ring of strength (left paw)
 m - a ring of protection from cold
 p - a ring of willpower (right paw)
 v - a ring of poison resistance
 y - a ring of willpower
Wands
 r - a wand of roots (17)
 t - a wand of flame (3)
 w - a wand of paralysis (10)
 z - a wand of polymorph (1)
Scrolls
 b - 5 scrolls of magic mapping
 c - 2 scrolls of teleportation
 i - a scroll of fog
 l - a scroll of torment
 n - a scroll of blinking
 o - a scroll of silence
 s - 2 scrolls of vulnerability
 u - a scroll of poison
 x - 3 scrolls of fear
 B - a scroll of immolation {unknown}
Potions
 a - 5 potions of invisibility
 d - 2 potions of haste
 e - 6 potions of heal wounds
 f - a potion of ambrosia {unknown}
 h - 6 potions of curing
 k - 4 potions of mutation {unknown}
 q - 2 potions of flight {unknown}


   Skills:
 - Level 1.0 Fighting
 - Level 9.0 Dodging
 - Level 10.2 Stealth
 - Level 8.1 Unarmed Combat
 + Level 3.4 Spellcasting
 - Level 4.0 Conjurations
 - Level 15.0 Hexes
 - Level 6.2 Ice Magic
 - Level 7.0 Poison Magic
 - Level 4.7 Evocations


You couldn't memorise any spells.
You knew the following spells:

 Your Spells              Type           Power      Damage    Failure   Level
d - Tukima's Dance        Hex            59%        N/A       1%          3
f - Dazzling Flash        Conj/Hex       82%        N/A       1%          3
h - Ensorcelled Hibernat  Hex/Ice        92%        N/A       1%          2
s - Slow                  Hex            100%       N/A       1%          1
t - Confusing Touch       Hex            59%        N/A       1%          3
R - Olgreb's Toxic Radia  Pois           31%        N/A       8%          4

Your spell library contained the following spells:

 Spells                   Type           Power      Damage    Failure   Level
 Sting                    Tmut/Pois      68%        1d6       3%          1
 Poisonous Vapours        Pois/Air       34%        N/A       4%          2
 Kiss of Death            Conj/Necr      44%        2d8       6%          1
 Passwall                 Tmut/Erth      2%         N/A       21%         2
 Scorch                   Fire           6%         2d5       21%         2
 Swiftness                Air            3%         N/A       38%         3
 Vampiric Draining        Necr           3%         2d6       38%         3
 Flame Wave               Conj/Fire      11%        2d6       52%         4
 Dispel Undead            Necr           3%         3d7       80%         4
 Discord                  Hex            29%        N/A       88%         8
 Summon Cactus Giant      Summ           1%         N/A       100%        6
 Ignition                 Fire           1%         3d3       100%        8


Dungeon Overview and Level Annotations

Branches:
Dungeon (11/15)            Temple (1/1) D:7            Lair (0/5) D:10
    Orc (0/2) D:10         Bailey (visited)

Altars:
Ashenzari
Cheibriados
Dithmenos
Elyvilon
Fedhas
Gozag
Hepliaklqana
Kikubaaqudgha
Makhleb
Nemelex Xobeh
Okawaru
Qazlal
Ru
Sif Muna
Trog
Uskayaw
Vehumet
Wu Jian
Xom
Yredelemnul
Zin
The Shining One

Shops:
D:2 =   D:4 =   D:7 *

Annotations:
D:6 !devils & warriors
D:7 exclusion: upstairs
D:11 Josephine


Innate Abilities, Weirdness & Mutations

You have sharp claws.
You have razor-sharp teeth.
You have supernaturally acute eyesight. (SInv)
You cover ground quickly. (Speed+)
You are covered in thick fur. (AC +2)
Your paws help you pounce on unaware monsters.
You are incapable of wielding weapons or throwing items.
You cannot wear armour.
You gain extra lives every three experience levels.


Message History

The electric eel shoots out a bolt of lightning at you!
The bolt of electricity hits you!
* * * LOW HITPOINT WARNING * * *
You claw the electric eel!
You kill the electric eel!
You now have 2786 gold pieces (gained 4).
Why would you want to do that?
You enter the shallow water.
Moving in this stuff is going to be slow.
Casting: Ensorcelled Hibernation (safe; 1% risk of failure)
Confirm with . or Enter, or press ? or * to list all spells.
Aiming: Ensorcelled Hibernation (safe; 1% risk of failure)
Press: ? - help, Shift-Dir - straight line, f - Josephine
Aim: Josephine, wielding the +4 short sword of Fatigue {freeze, rCorr} and wearing a +0 robe (wandering, hasn't noticed you, chance to affect: 34%)
Okay, then.
Unknown command.
Casting: Ensorcelled Hibernation (safe; 1% risk of failure)
Confirm with . or Enter, or press ? or * to list all spells.
Your paws begin to glow red.
Josephine shouts!
Josephine gestures at you while chanting.
The ghostly flame explodes!
The ghostly fireball engulfs you!
You feel drained.
You scratch Josephine but do no damage.
Josephine appears confused.
You bite Josephine.
Josephine is lightly wounded.
Josephine drinks a potion.
Josephine is healed!
Josephine seems less confused.
You barely miss Josephine. You bite Josephine, but do no damage.
Josephine hits you with the +4 short sword of Fatigue {freeze, rCorr}.
Josephine freezes you.
You scratch Josephine.
Josephine is lightly wounded.
Josephine hits you with the +4 short sword of Fatigue {freeze, rCorr}!
* * * LOW HITPOINT WARNING * * *
Josephine freezes you!
* * * LOW HITPOINT WARNING * * *
You claw Josephine!
Josephine is moderately wounded.
Josephine hits you with the +4 short sword of Fatigue {freeze, rCorr}!
You die...
Your body crumbles into a pile of gold.

#♣~~## #........♣~≈≈≈≈≈≈≈
##♣P~~~#########...#####♣P~~~≈≈≈≈
♣♣~~P~♣♣...........# #~~~~P~≈P
♣♣~~~P~♣♣~[[)......# #P~~~~P~~
~~~PP~~~~[###).....# #~P~~~~~~
P~~~~~~~~P# #......# #~~~PP~~~
~♣~~~~~P~♣♣ #......######~~~~~PP~
~~♣~~~P~~~♣ #....@.......~~.~...P
~~~≈~≈~~♣P♣##...@..W.............
~P≈≈≈≈~~~~~.......)..##..........
P~≈≈≈~≈~~~~P.........#.....#.....
~≈≈≈≈≈≈≈♣~P~.........#.....#.....
~≈≈≈≈≈≈≈~~♣♣.........#.♣~.~♣.....
≈≈≈≈≈≈≈≈≈~♣♣###......#♣♣♣.♣♣.....
~≈≈≈≈≈≈≈~♣~~..#......# ♣~.♣♣♣....
~≈≈≈≈≈≈≈~~~~..#......♣ ♣..♣♣♣♣...
~≈≈≈≈≈≈≈≈~~♣..#....♣♣♣♣♣♣~P♣♣♣♣♣.


You could see Josephine and a wraith.

Vanquished Creatures
  A boulder beetle (D:11)
  5 two-headed ogres
  2 cyclopes (D:11)
  A rime drake (D:10)
  A kobold demonologist (D:11)
  A troll (D:10)
  2 wyverns
  2 vampires
  12 yaks
  4 wraiths (D:11)
  2 water elementals (D:11)
  3 steam dragons
  Edmund (D:6)
  3 acid dragons (D:10)
  4 water moccasins
  9 orc warriors
  2 sky beasts
  2 black bears
  8 ogres
  4 ice beasts
  4 wolves
  6 centaurs
  4 kobold brigands (D:7)
  2 wyvern zombies (D:8)
  3 bullfrogs
  4 gnoll sergeants
  2 necrophages (D:8)
  3 scorpions
  4 wights (D:8)
  5 killer bees (D:10)
  6 electric eels (D:11)
  8 vampire bats (Bailey)
  5 wolf zombies (Bailey)
  A howler monkey (D:5)
  A centaur zombie (D:8)
  A lava snake (D:9)
  9 hounds
  12 orc priests
  A jelly (D:5)
  7 gnoll boudas
  A human zombie (D:8)
  A sleepcap (D:4)
  Natasha (thrice) (D:4)
  5 iguanas (D:5)
  11 orc wizards
  A killer bee zombie (D:8)
  A mummy (D:8)
  A howler monkey zombie (D:8)
  44 gnolls
  11 adders
  3 white imps
  5 dart slugs
  44 orcs
  10 endoplasms
  5 giant cockroaches
  15 goblins
  5 hobgoblins (D:1)
  12 jackals
  6 kobolds
  A quokka (D:1)
  5 ball pythons
  2 bats
  2 frilled lizards
  16 orc zombies (Bailey)
  3 rats
370 creatures vanquished.

Vanquished Creatures (collateral kills)
  Maggie (D:7)
  A gargoyle (Bailey)
  A vampire (Bailey)
  A kobold brigand (D:7)
  A gnoll sergeant (D:9)
  3 wights (D:8)
  2 gnolls (D:8)
  4 orcs
  3 kobolds (D:7)
  7 orc zombies (Bailey)
24 creatures vanquished.

Vanquished Creatures (others)
  5 dancing weapons
  An adder (D:4)
  An orc (D:6)
  A hobgoblin (D:4)
8 creatures vanquished.

Grand Total: 402 creatures vanquished

Notes
Turn   | Place    | Note
-------+----------+-------------------------------------------
     0 | D:1      | Cheops the Felid Enchanter began the quest for the Orb.
     0 | D:1      | Reached XP level 1. HP: 7/7 MP: 4/4
   153 | D:1      | Reached XP level 2. HP: 11/11 MP: 6/6
   166 | D:1      | Learned a level 2 spell: Ensorcelled Hibernation
   378 | D:1      | Reached skill level 1 in Fighting
   636 | D:1      | Reached XP level 3. HP: 5/15 MP: 1/7
   640 | D:1      | Learned a level 3 spell: Confusing Touch
  1666 | D:2      | Reached XP level 4. HP: 19/19 MP: 8/8
  1670 | D:2      | Learned a level 3 spell: Tukima's Dance
  1680 | D:2      | Found an iron altar of Okawaru.
  2273 | D:2      | Found Ofubboes's Jewellery Shop.
  2666 | D:3      | Found a faded altar of an unknown god.
  3093 | D:3      | Found a stormy altar of Qazlal.
  3142 | D:3      | Reached skill level 5 in Hexes
  3163 | D:3      | Learned a level 1 spell: Slow
  3389 | D:3      | Reached skill level 1 in Ice Magic
  3391 | D:3      | Reached XP level 5. HP: 19/22 MP: 1/10
  3505 | D:3      | Found a shadowy altar of Dithmenos.
  3821 | D:4      | Found Govidog's Jewellery Boutique.
  4005 | D:4      | Noticed an ogre
  4057 | D:4      | Killed an ogre
  4111 | D:4      | Found a shimmering altar of Xom.
  4128 | D:4      | Gained mutation: You are covered in thick fur. (AC +2)
                  | [Felid growth]
  4128 | D:4      | Reached XP level 6. HP: 25/25 MP: 9/11
  4228 | D:4      | Noticed Natasha
  4235 | D:4      | Killed Natasha
  4266 | D:4      | Found an opulent altar of Gozag.
  4297 | D:4      | Noticed Natasha
  4304 | D:4      | Killed Natasha
  4574 | D:4      | Noticed Natasha
  4733 | D:4      | Killed Natasha
  4734 | D:4      | Reached skill level 6 in Hexes
  4855 | D:4      | Found an opulent altar of Gozag.
  4903 | D:4      | Found Govidog's Jewellery Boutique.
  5041 | D:5      | Entered Level 5 of the Dungeon
  5272 | D:5      | Found a hide-covered altar of Uskayaw.
  5305 | D:4      | Reached skill level 7 in Hexes
  5417 | D:5      | Reached XP level 7. HP: 28/28 MP: 12/12
  5422 | D:5      | Learned a level 3 spell: Dazzling Flash
  5446 | D:4      | Mangled by a sleepcap
  5447 | D:4      | Reached XP level 6. HP: -7/25 MP: 11/11
  5589 | D:4      | Found Govidog's Jewellery Boutique.
  5679 | D:4      | Found a shimmering altar of Xom.
  5814 | D:4      | Found an opulent altar of Gozag.
  6103 | D:4      | Found an opulent altar of Gozag.
  6240 | D:4      | Found Govidog's Jewellery Boutique.
  6395 | D:5      | Reached skill level 1 in Conjurations
  6448 | D:5      | Noticed a water moccasin
  6456 | D:5      | Killed a water moccasin
  6562 | D:5      | Reached XP level 7. HP: 28/28 MP: 12/12
  6608 | D:5      | HP: 1/28 [hound (5)]
  7157 | D:5      | Reached skill level 5 in Unarmed Combat
  7367 | D:5      | Reached XP level 8. HP: 29/32 MP: 9/13
  7534 | D:5      | Found a hide-covered altar of Uskayaw.
  8233 | D:6      | Reached skill level 5 in Stealth
  8699 | D:6      | Noticed Edmund
  8708 | D:6      | Killed Edmund
  8875 | D:7      | Found a shimmering blue altar of Sif Muna.
  8944 | D:6      | Noticed a rust devil
  8944 | D:6      | Noticed a rust devil
  9008 | D:7      | Found a staircase to the Ecumenical Temple.
  9081 | Temple   | Entered the Ecumenical Temple
  9303 | D:4      | Became a worshipper of Gozag Ym Sagoz the Greedy
  9427 | D:7      | Found Zin's Purification Station.
  9427 | D:7      | Found a glowing silver altar of Zin.
  9537 | D:7      | Found a snail-covered altar of Cheibriados.
  9661 | D:7      | Reached XP level 9. HP: 35/35 MP: 14/14
 10161 | D:7      | Noticed Maggie
 10179 | D:7      | Killed Maggie
 10180 | D:7      | Reached skill level 5 in Dodging
 10960 | D:7      | Reached skill level 8 in Hexes
 11315 | D:7      | Found Zin's Purification Station.
 11315 | D:7      | Found a glowing silver altar of Zin.
 11598 | D:7      | Found a staircase to the Ecumenical Temple.
 11626 | D:7      | Found a snail-covered altar of Cheibriados.
 11656 | D:7      | Found a shimmering blue altar of Sif Muna.
 12269 | D:8      | Reached skill level 9 in Hexes
 12348 | D:8      | Reached XP level 10. HP: 39/39 MP: 12/15
 12403 | D:8      | Noticed a two-headed ogre
 12406 | D:8      | Killed a two-headed ogre
 12407 | D:8      | Reached skill level 11 in Hexes
 12625 | D:8      | Reached skill level 12 in Hexes
 13027 | D:8      | Reached skill level 10 in Stealth
 13102 | D:8      | Found an ornate altar of the Wu Jian Council.
 13384 | D:8      | Found a broken altar of Ashenzari.
 13410 | D:8      | Reached skill level 5 in Ice Magic
 14118 | D:8      | Found an ancient bone altar of Kikubaaqudgha.
 14243 | D:8      | Found a sacrificial altar of Ru.
 14322 | D:9      | Noticed a two-headed ogre
 14329 | D:9      | Killed a two-headed ogre
 14362 | D:9      | Found a flagged portal.
 14367 | Bailey   | Entered a bailey
 14586 | Bailey   | Reached skill level 13 in Hexes
 14699 | Bailey   | Reached XP level 11. HP: 39/42 MP: 16/16
 15469 | D:9      | Found an iron altar of Okawaru.
 15544 | D:9      | Noticed a two-headed ogre
 15554 | D:9      | Killed a two-headed ogre
 15591 | D:9      | Found a radiant altar of Vehumet.
 15727 | D:9      | Learned a level 4 spell: Olgreb's Toxic Radiance
 15930 | D:9      | Found a glowing golden altar of the Shining One.
 15930 | D:9      | Found a sparkling altar of Nemelex Xobeh.
 16037 | D:9      | Found a glowing golden altar of the Shining One.
 16037 | D:9      | Found a sparkling altar of Nemelex Xobeh.
 16062 | D:9      | Found a radiant altar of Vehumet.
 16318 | D:9      | Found an iron altar of Okawaru.
 16380 | D:10     | Entered Level 10 of the Dungeon
 16403 | D:10     | Reached skill level 1 in Poison Magic
 16655 | D:10     | Noticed a two-headed ogre
 16661 | D:10     | Slain by a two-headed ogre
 16662 | D:10     | Reached XP level 10. HP: -5/39 MP: 15/15
 16707 | D:10     | Killed a two-headed ogre
 16842 | D:10     | Reached skill level 5 in Poison Magic
 17033 | D:10     | Reached XP level 11. HP: 42/42 MP: 14/16
 17047 | D:10     | Found a staircase to the Lair.
 17494 | D:10     | Killed from afar by a rime drake
 17495 | D:10     | Reached XP level 10. HP: -10/39 MP: 14/15
 17676 | D:10     | Found a staircase to the Orcish Mines.
 17731 | D:11     | Noticed a boulder beetle
 17737 | D:11     | Killed a boulder beetle
 17940 | D:11     | Noticed a cyclops
 17953 | D:11     | Noticed a two-headed ogre
 18455 | D:11     | Killed a two-headed ogre
 18483 | D:11     | Killed a cyclops
 18484 | D:11     | Reached skill level 14 in Hexes
 18493 | D:11     | Noticed a cyclops
 18505 | D:11     | Killed a cyclops
 19136 | D:11     | Reached XP level 11. HP: 34/42 MP: 16/16
 19325 | D:11     | Identified the +4 short sword of Fatigue {freeze, rCorr}
 19325 | D:11     | Noticed Josephine
 19357 | D:11     | Reached skill level 15 in Hexes
 20341 | D:11     | Mangled by Josephine

Illustrated notes

Levels and vault maps discovered:
D:1:      amcnicky_arrival_single_pillar, layout_loops_ring,
          nrook_mini_backslash, amcnicky_mini_corridor_feature
D:2:      layout_basic, basic_altar, serial_shops, nicolae_shop_crystal,
          minmay_misc_feat_enclosed, minmay_misc_feat_hallway,
          minmay_heptomino_l4
D:3:      layout_basic, mainiacjoe_overflow_alcove_2,
          mainiacjoe_overflow_boulevard, hellmonk_ecumenical_altar_lost_god,
          palyth_stone_intersect
D:4:      layout_gridville, grunt_gozag_breadcrumbs, xom_confusion_cloud,
          serial_shops, nicolae_shop_stone, uniq_natasha
D:5:      minmay_chambers_of_threes, layout_rooms, nicolae_uskayaw_suspiria,
          roderic_roman_lattice
D:6:      cheibrodos_iron_armory, layout_loops_corners, uniq_edmund
D:7:      kennysheep_seaside_town, layout_basic, kennysheep_little_box,
          zin_purify, mainiacjoe_overflow_cross_hatched,
          minmay_temple_entry_statues_fountains, kennysheep_generic_room_13,
          uniq_maggie
D:8:      layout_cave_pools, mainiacjoe_overflow_alcove_1, marbit_many_paths,
          nicolae_ru_the_path_less_chosen, lemuel_mausoleum_altar_kikubaaqudgha,
          serial_gnoll_camp, gnoll_camp_mini_doghouse, gnoll_camp_huts_basic,
          gnoll_camp_mini_hut, gnoll_camp_mini_loothouse, gnoll_camp_medium_02,
          minmay_crossroads
D:9:      layout_rooms, overflow_temple_1_default, lemuel_doored_altar,
          nicolae_overflow_two_pavilions, enter_bailey_3
D:10:     layout_loops_ring, hellmonk_lair_entry_icy, hiddenorc1_lemuel,
          serial_glass, glass_columns_a, glass_columns_a,
          kennysheep_generic_room_16
D:11:     layout_irregular_city, serial_bayou, serial_bayou_shore_a,
          serial_bayou_pond_a, serial_bayou_ford_a, serial_bayou_crossing,
          serial_bayou_lake_a, serial_bayou_lagoon_b, uniq_josephine
Temple:   nicolae_temple_two_arcs

Skill      XL: |  1  2  3  4  5  6  7  8  9 10 11 |
---------------+----------------------------------+-----
Unarmed Combat | 2 3 4 6 8 |  8.1
Fighting       | 1 |  1.0
Spellcasting   | 3 |  3.4
Hexes          | 5 7 9 14 15 | 15.0
Ice Magic      | 1 3 4 6 |  6.2
Conjurations   | 3 4 |  4.0
Stealth        | 7 9 10 | 10.2
Dodging        | 8 9 |  9.0
Evocations     | 4 |  4.7
Poison Magic   | 6 7 |  7.0

Action                     |  1- 3 |  4- 6 |  7- 9 | 10-12 || total
---------------------------+-------+-------+-------+-------++-------
  Melee: Unarmed           |   130 |    98 |   124 |   429 ||   781
         Punch             |     1 |     1 |     3 |    23 ||    28
         Bite              |     4 |     8 |    11 |    46 ||    69
   Cast: Ensorcelled Hiber |    16 |    56 |   131 |   152 ||   355
         Confusing Touch   |     4 |     6 |     4 |    34 ||    48
         Tukima's Dance    |       |     7 |     5 |    40 ||    52
         Slow              |       |     1 |     2 |     7 ||    10
         Dazzling Flash    |       |       |     4 |     1 ||     5
         Olgreb's Toxic Ra |       |       |       |     6 ||     6
  Evoke: Wand              |       |     1 |       |    10 ||    11
    Use: Potion            |     2 |       |       |     2 ||     4
         Scroll            |       |     4 |     6 |     5 ||    15
   Stab: Sleeping          |    13 |    43 |    70 |   113 ||   239
         Confused          |     3 |     4 |     1 |    19 ||    27
         Invisible         |       |       |     1 |     1 ||     2
         Distracted        |       |       |       |     4 ||     4
         Paralysed         |       |       |       |     1 ||     1
 Armour: Skin              |     3 |     1 |     7 |    14 ||    25
  Dodge: Dodged            |    81 |    46 |    96 |   358 ||   581
